 Dungeon Crawl Stone Soup version 0.31-a0-1300-gb6740aa4e6 (webtiles) character file.

Game seed: 6501332532304953342

439 gelatine the Stinger (level 7, -3/50 HPs)
             Began as a Formicid Venom Mage on Dec 19, 2023.
             Killed from afar by Ijyb (10 damage)
             ... with a puff of flame
             ... on level 4 of the Dungeon.
             The game lasted 00:15:12 (3865 turns).

gelatine the Stinger (Formicid Venom Mage)          Turns: 3865, Time: 00:15:12

Health: -3/50      AC:  3    Str: 13    XL:     7   Next: 22%
Magic:  11/12      EV: 12    Int: 16    God:
Gold:   184        SH:  5    Dex: 14    Spells: 7/13 levels left

rFire   . . .        s - +4 scythe (vamp)
rCold   . . .        f - +0 buckler
rNeg    + . .        a - +0 robe
rPois   .            (helmet unavailable)
rElec   .            (no cloak)
rCorr   .            v - +0 pair of gloves
SInv    +            (no boots)
Will    +....        (no amulet)
Stlth   ++           r - ring of positive energy
HPRegen 0.28/turn    (no ring)
MPRegen 0.13/turn

%: no passive effects
@: studying Polearms
A: permanent stasis, dig shafts and tunnels, antennae 3, four strong arms,
strong-willed 1
a: Dig, Shaft Self


You were on level 4 of the Dungeon.
You visited 1 branch of the dungeon, and saw 4 of its levels.

You collected 184 gold pieces.

Inventory:

Hand Weapons
 o - a +0 short sword of draining
 s - a +4 vampiric scythe (weapon)
 y - a +1 falchion of protection
Armour
 a - a +0 robe (worn)
 f - a +0 buckler (worn)
 g - a +0 leather armour
 v - a +0 pair of gloves (worn)
 x - a +0 tower shield
Jewellery
 r - a ring of positive energy (left hand)
Scrolls
 c - 2 scrolls of teleportation {unknown}
 d - a scroll of silence
 e - 4 scrolls of acquirement {unknown}
 p - a scroll of poison {unknown}
 w - a scroll of vulnerability {unknown}
Potions
 b - a potion of magic
 h - a potion of resistance {unknown}
 i - 3 potions of curing
 j - 2 potions of ambrosia
 n - a potion of might
 u - a potion of mutation


   Skills:
 * Level 2.0 Fighting
 + Level 0.6 Short Blades
 * Level 2.0 Polearms
 * Level 2.2 Dodging
 + Level 2.7 Stealth
 * Level 3.3 Shields
 + Level 3.5 Spellcasting
 * Level 2.2 Transmutations
 * Level 0.7 Air Magic
 * Level 6.3 Poison Magic


You had 7 spell levels left.
You knew the following spells:

 Your Spells              Type           Power      Damage    Failure   Level
a - Sting                 Tmut/Pois      64%        1d6       4%          1
b - Poisonous Vapours     Pois/Air       28%        N/A       9%          2
c - Mephitic Cloud        Conj/Pois/Air  10%        N/A       26%         3

Your spell library contained the following spells:

 Spells                   Type           Power      Damage    Failure   Level
 Olgreb's Toxic Radiance  Pois           23%        N/A       19%         4
 Passwall                 Tmut/Erth      5%         N/A       22%         2
 Sandblast                Erth           4%         2d4       24%         1
 Gell's Gravitas          Tloc           2%         N/A       58%         3
 Stone Arrow              Conj/Erth      4%         3d7       58%         3
 Teleport Other           Tloc           2%         N/A       58%         3
 Tukima's Dance           Hex            2%         N/A       58%         3
 Brom's Barrelling Bould  Conj/Erth      2%         2d3       94%         4
 Dimensional Bullseye     Hex/Tloc       1%         N/A       94%         4
 Iskenderun's Mystic Bla  Conj/Tloc      2%         2d3       94%         4
 Iskenderun's Battlesphe  Conj           2%         2d6       100%        5
 Bombard                  Conj/Erth      1%         9d1       100%        6
 Dispersal                Tloc           1%         N/A       100%        6
 Spellforged Servitor     Conj/Summ      1%         N/A       100%        7


Dungeon Overview and Level Annotations

Branches:
Dungeon (4/15)
 Temple: D:4-7

Altars:
Kikubaaqudgha

Shops:
D:1 [   D:2 :

Annotations:
D:4 Ijyb


Innate Abilities, Weirdness & Mutations

You cannot be hasted, slowed, berserked, paralysed or teleported.
You can dig through walls and to a lower floor.
You have a pair of large antennae on your head. (SInv)
Your four strong arms can wield two-handed weapons with a shield.
You are strong-willed. (Will+)


Message History

The puff of flame hits you.
* * * LOW HITPOINT WARNING * * *
Unknown command.
You barely miss Ijyb.
Ijyb is severely wounded.
The adder zombie bites you but does no damage.
Ijyb hits you with a +0 club.
* * * LOW HITPOINT WARNING * * *
You feel better. The hound zombie bites you.
* * * LOW HITPOINT WARNING * * *
The adder zombie bites you but does no damage.
Ijyb hits you with a +0 club.
* * * LOW HITPOINT WARNING * * *
The hound zombie bites you.
* * * LOW HITPOINT WARNING * * *
As you read the scroll of fog, it dissolves into smoke.
You block the adder zombie's attack. Ijyb hits you but does no damage.
You block the hound zombie's attack. The adder zombie barely misses you.
The hound zombie attacks as it pursues you!
The hound zombie closely misses you.
The hound zombie bites you but does no damage.
Things that are here:
a +0 dagger; 5 stones The hound zombie barely misses you.
The hound zombie attacks as it pursues you!
The hound zombie closely misses you. The hound zombie barely misses you.
The hound zombie attacks as it pursues you!
The hound zombie closely misses you.
Ijyb zaps a wand.
The puff of flame hits you!
* * * LOW HITPOINT WARNING * * *
You block the hound zombie's attack.
The hound zombie attacks as it pursues you!
The hound zombie bites you.
* * * LOW HITPOINT WARNING * * *
The hound zombie barely misses you.
There is a stone staircase leading up here.
Ijyb zaps a wand.
The puff of flame hits you!
You die...

.#..........#.###.##...#....#####
.#................##.##........#.
.#......###...######.##........#.
#..........#.#.#.##.##........#.
#......###........#.##........#.
#..........#.#.#.##.##........#.
#######.............######.####.
.###........#.#.#.#..............
........)......Z@...#....###.....
......<.....#.#.#.#.#....# #....#
......##...{........#....###....#
..........Z.g.......#......#....#
...........#####....###....#.....
...........#####......'....#....#
..>.........##......###....#.....
............##...........####.#.#
#.......#...##................#..


You could see Ijyb and a hound zombie.

Vanquished Creatures
  Sigmund (D:3)
  A scorpion (D:4)
  A hound (D:4)
  An orc priest (D:3)
  A jelly (D:4)
  An orc wizard (D:3)
  3 adders (D:3)
  A worm (D:3)
  3 dart slugs
  10 orcs
  6 ball pythons
  4 endoplasms
  3 giant cockroaches
  6 goblins
  9 hobgoblins
  8 jackals
  7 bats
  2 frilled lizards (D:1)
  4 kobolds
72 creatures vanquished.

Notes
Turn   | Place    | Note
-------+----------+-------------------------------------------
     0 | D:1      | gelatine the Formicid Venom Mage began the quest for the
                  | Orb.
     0 | D:1      | Reached XP level 1. HP: 13/13 MP: 3/3
   469 | D:1      | Reached XP level 2. HP: 14/19 MP: 0/5
   703 | D:1      | Found Ruvviuq's Armour Emporium.
   966 | D:1      | Reached XP level 3. HP: 24/24 MP: 2/6
  1100 | D:1      | Reached skill level 1 in Shields
  1202 | D:1      | Reached skill level 5 in Poison Magic
  1524 | D:1      | Learned a level 2 spell: Poisonous Vapours
  1663 | D:2      | Found Hadoyc's Book Shop.
  2247 | D:3      | Reached XP level 4. HP: 22/30 MP: 1/7
  2368 | D:3      | Noticed Sigmund
  2385 | D:3      | Killed Sigmund
  2386 | D:3      | Reached skill level 6 in Poison Magic
  2386 | D:3      | Reached XP level 5. HP: 36/36 MP: 0/9
  2386 | D:3      | Reached XP level 6. HP: 42/42 MP: 0/10
  2653 | D:3      | Reached skill level 1 in Fighting
  2654 | D:3      | Reached skill level 1 in Polearms
  2876 | D:3      | Learned a level 3 spell: Mephitic Cloud
  3020 | D:4      | Reached XP level 7. HP: 49/49 MP: 7/12
  3314 | D:4      | Gained mutation: You are strong-willed. (Will+) [potion of
                  | mutation]
  3361 | D:4      | Found an ancient bone altar of Kikubaaqudgha.
  3831 | D:4      | Noticed Ijyb
  3865 | D:4      | Killed from afar by Ijyb

Illustrated notes

Levels and vault maps discovered:
D:1:      amcnicky_arrival_flooded_fountain, layout_basic, serial_shops, shop
D:2:      layout_rooms, serial_shops, nicolae_shop_tiny_real_fake_doors
D:3:      layout_rooms, uniq_sigmund
D:4:      layout_basic, nicolae_yredelemnul_corpse_copse,
          mainiacjoe_overflow_six_doors_small, st_stairs_8,
          uniq_crazy_yiuf_cottage, uniq_ijyb

Skill      XL: |  1  2  3  4  5  6  7 |
---------------+----------------------+-----
Shields        | 1 2 3 |  3.3
Poison Magic   | 5 6 |  6.3
Spellcasting   | 3 |  3.5
Transmutations | 2 |  2.2
Dodging        | 2 |  2.2
Fighting       | 1 2 |  2.0
Polearms       | 1 2 |  2.0
Short Blades   | |  0.6
Stealth        | |  2.7
Air Magic      | |  0.7

Action                     |  1- 3 |  4- 6 |  7- 9 || total
---------------------------+-------+-------+-------++-------
  Melee: Unarmed           |    11 |       |       ||    11
         Short sword       |     8 |    17 |       ||    25
         Halberd           |       |    43 |    14 ||    57
   Cast: Sting             |    65 |    17 |    15 ||    97
         Poisonous Vapours |     1 |     9 |     5 ||    15
         Mephitic Cloud    |       |       |     1 ||     1
    Use: Potion            |       |     1 |     2 ||     3
         Scroll            |       |       |     6 ||     6
   Stab: Sleeping          |       |     1 |     1 ||     2
 Armour: Robe              |    22 |    39 |    29 ||    90
  Dodge: Dodged            |    21 |    54 |    15 ||    90
  Block: Buckler           |    12 |    24 |    11 ||    47

Table legend: (Time is in decaauts)
 A = Elapsed time spent in this place.
 B = Non-inter-level travel time spent in this place.
 C = Inter-level travel time spent in this place.
 D = Time resting spent in this place.
 E = Time spent auto-exploring this place.
 F = Levels seen in this place.
 G = Mean time per level.
                   A        B        C        D        E       F      G
               +--------+--------+--------+--------+--------+-----+--------+
         Total |   3894 |   3798 |     96 |      0 |   2996 |   4 |  973.5 |
       Dungeon |   3894 |   3798 |     96 |      0 |   2996 |   4 |  973.5 |
               +--------+--------+--------+--------+--------+-----+--------+

Top non-repeatable levels by time:
     D:1: 1597 daAuts
     D:3: 943 daAuts
     D:4: 887 daAuts
     D:2: 465 daAuts
